 Seeded DCSS version 0.32-a0-290-g598725c5f2 (webtiles) character file.

Game seed: 8709463627503876970 (custom seed)

4069 timneilson the Ruffian (level 10, -16/69 HPs)
             Began as an Octopode Shapeshifter on Feb 13, 2024.
             Was an Initiate of Gozag.
             Demolished by a hornet (17 damage)
             ... while paralysed by a hornet
             ... on level 8 of the Dungeon.
             The game lasted 00:19:01 (8845 turns).

timneilson the Ruffian (Octopode Shapeshifter)      Turns: 8845, Time: 00:19:02

Health: -16/69     AC:  1    Str: 18    XL:     10   Next: 25%
Magic:  10/10      EV:  2    Int: 13    God:    Gozag
Gold:   1410       SH:  0    Dex: 11    Spells: 9/9 levels left

rFire   . .          .
                       - Unarmed
rCold   + + .        (no shield)
rNeg    . . .        (helmet currently unavailable)
rPois   .            j - amulet of reflection
rElec   .            y - ring of resist corrosion
rCorr   +            u - ring of protection from cold
SInv    .            z - ring of protection from cold
Will    .....        (no ring)
Stlth   ++++         (no ring)
HPRegen 0.31/turn    (no ring)
MPRegen 0.12/turn    (no ring)
                     (no ring)

%: reflection
@: paralysed, beast-form, slowed
A: beast (slay +3), almost no armour, amphibious, 8 rings, camouflage 1,
gelatinous body 1, (nimble swimmer 1), tentacles
a: Begin Untransformation, Renounce Religion, Potion Petition, Call Merchant,
Bribe Branch


You were on level 8 of the Dungeon.
You worshipped Gozag.
Gozag was most pleased with you.
You were a hulking beast.
You visited 1 branch of the dungeon, and saw 8 of its levels.
You also visited: Ossuary.

You collected 1423 gold pieces.
You paid 13 gold pieces to Gozag.

Inventory:

Missiles
 v - 10 poisoned darts
 w - 2 curare-tipped darts (quivered)
 C - a throwing net
Jewellery
 j - an amulet of reflection (around mantle)
 u - a ring of protection from cold (right tentacle)
 y - a ring of resist corrosion (left tentacle)
 z - a ring of protection from cold (on tentacle)
Talismans
 b - a beast talisman (active)
 c - a flux talisman
Wands
 h - a wand of flame (22)
 l - a wand of iceblast (10)
 x - a wand of charming (9)
 A - a wand of mindburst (15)
Scrolls
 g - a scroll of poison
 k - 3 scrolls of teleportation
 n - a scroll of fear
 o - 2 scrolls of enchant armour
 p - 5 scrolls of noise
 s - 2 scrolls of fog
 t - a scroll of blinking
 B - a scroll of enchant weapon
Potions
 a - 4 potions of lignification
 d - a potion of ambrosia
 f - 2 potions of enlightenment
 i - a potion of curing
 m - a potion of magic
 q - 5 potions of mutation
 r - a potion of brilliance


   Skills:
 * Level 6.5 Fighting
 * Level 6.8 Dodging
 + Level 6.3 Stealth
 * Level 7.3 Unarmed Combat
 + Level 4.3 Evocations
 * Level 6.7 Shapeshifting


You had 9 spell levels left.
You didn't know any spells.
Your spell library contained the following spells:

 Spells                   Type           Power      Damage    Failure   Level
 Blink                    Tloc           0%         N/A       43%         2
 Lesser Beckoning         Tloc           0%         N/A       43%         2
 Momentum Strike          Conj/Tloc      0%         3d8       43%         2
 Sublimation of Blood     Necr           0%         N/A       43%         2
 Call Canine Familiar     Summ           0%         N/A       67%         3
 Hailstorm                Conj/Ice       0%         3d5       67%         3
 Sigil of Binding         Hex            0%         N/A       67%         3
 Summon Ice Beast         Ice/Summ       0%         N/A       67%         3
 Dimensional Bullseye     Hex/Tloc       0%         N/A       97%         4
 Petrify                  Alch/Erth      0%         N/A       97%         4
 Borgnjor's Vile Clutch   Necr/Erth      0%         N/A       100%        5
 Irradiate                Conj/Alch      0%         3d11      100%        5
 Death Channel            Necr           0%         N/A       100%        6
 Sculpt Simulacrum        Ice/Alch       0%         N/A       100%        6
 Animate Dead             Necr           Unusable   N/A       N/A         4

Dungeon Overview and Level Annotations

Branches:
Dungeon (8/15)             Temple (0/1) D:6            Lair (0/5) D:8
Ossuary (visited)

Altars:
Dithmenos
Gozag
Vehumet
Xom

Shops:
D:3 (

Annotations:
D:7 exclusion: statue


Innate Abilities, Weirdness & Mutations

You are a hulking beast.
Your limbs bulge with bestial killing power. (Slay +3)
You cannot wear most types of armour.
You are amphibious.
You can wear up to eight rings at the same time.
Your skin changes colour to match your surroundings (Stealth+).
Your rubbery body absorbs attacks. (AC +1, EV +1)
((You are camouflaged when in or above water. (Stealth+)))
You have tentacles for arms and can constrict up to eight enemies at once.


Message History

You feel very sick.
The hornet is distracted by your dazzling golden aura.
The gnoll is distracted by your dazzling golden aura. x2
You feel yourself speed up.
* * * LOW HITPOINT WARNING * * *
You feel very sick.
The hornet is no longer distracted by gold.
The hornet closely misses you. The hornet misses you.
You feel better.
The gnoll is no longer distracted by gold.
The hornet misses you.
You feel much better. The hornet barely misses you. The hornet stings you!
You feel yourself slow down.
You feel much better. The hornet stings you!
You are poisoned.
You feel as though you will be slow longer.
The gnoll hits you from afar with a +0 spear of flaming.
The gnoll burns you. You block the hornet's attack.
The gnoll closely misses you.
You feel better.
The gnoll is no longer moving quickly.
The hornet stings you!!
* * * LOW HITPOINT WARNING * * *
You feel as though you will be slow longer.
The hornet barely misses you. The gnoll completely misses you.
You feel much better.
The gnoll is no longer moving quickly.
The hornet stings you!
You feel as though you will be slow longer.
You block the gnoll's attack. The hornet closely misses you.
The gnoll hits you from afar with a +0 spear of flaming.
* * * LOW HITPOINT WARNING * * *
The gnoll burns you.
* * * LOW HITPOINT WARNING * * *
The gnoll is no longer moving quickly.
The hornet attacks as it pursues you! The hornet stings you.
* * * LOW HITPOINT WARNING * * *
You feel as though you will be slow longer.
The hornet stings you!
* * * LOW HITPOINT WARNING * * *
You suddenly lose the ability to move!
The hornet stings you!
You die...
Your body crumbles into a pile of gold.

#........
#........
#........
+........
##........
#.g$......
#.#......#
######g#......#
#..hygg'.......
#.####.#.......
#.# #.#.......
#.# #.#.......
#.# #=###.#+#.
#.# ... .# #.#
### # #.# #.#


You could see a hornet and 3 gnolls.

Vanquished Creatures
  Joseph (D:7)
  5 yaks
  Eustachio (D:6)
  2 water moccasins (D:7)
  2 black bears
  2 sky beasts
  2 ogres (D:5)
  2 centaurs (D:7)
  A phantom (D:5)
  5 kobold brigands
  An elf zombie (Ossuary)
  A weeping skull (Ossuary)
  A burial acolyte (Ossuary)
  5 wights (D:7)
  A howler monkey (D:7)
  3 bombardier beetles
  2 hounds
  4 jellies
  3 orc priests
  2 gnoll boudas (D:8)
  A sleepcap (D:6)
  3 iguanas
  5 orc wizards
  3 mummies (Ossuary)
  6 gnolls (D:8)
  7 adders
  3 shadow imps
  A white imp (D:5)
  A ribbon worm (D:1)
  24 orcs
  4 bats
  3 endoplasms
  6 giant cockroaches
  10 goblins
  4 hobgoblins
  15 jackals
  7 quokkas
  6 ball pythons
  A frilled lizard (D:2)
  2 gnoll zombies (Ossuary)
  25 kobolds
  A kobold zombie (Ossuary)
  4 orc zombies (Ossuary)
  9 rats
197 creatures vanquished.

Notes
Turn   | Place    | Note
-------+----------+-------------------------------------------
     0 | D:1      | timneilson the Octopode Shapeshifter began the quest for
                  | the Orb.
     0 | D:1      | Reached XP level 1. HP: 13/13 MP: 1/1
     1 | D:1      | Found a runed translucent door.
    49 | D:1      | Reached XP level 2. HP: 16/18 MP: 2/2
   247 | D:1      | Reached skill level 1 in Stealth
   261 | D:1      | Reached XP level 3. HP: 23/23 MP: 3/3
  1045 | D:1      | Reached XP level 4. HP: 27/29 MP: 4/4
  1294 | D:2      | Found an opulent altar of Gozag.
  1304 | D:2      | Became a worshipper of Gozag Ym Sagoz the Greedy
  1661 | D:2      | Reached XP level 5. HP: 20/34 MP: 5/5
  2103 | D:3      | Found Heejusit's Antique Weapon Emporium.
  2115 | D:2      | Reached skill level 4 in Unarmed Combat
  2877 | D:4      | Reached XP level 6. HP: 23/41 MP: 6/6
  3536 | D:5      | Entered Level 5 of the Dungeon
  3692 | D:5      | Reached skill level 1 in Evocations
  3692 | D:5      | Reached XP level 7. HP: 6/46 MP: 7/7
  3965 | D:5      | Found a sand-covered staircase.
  3973 | Ossuary  | Entered an ossuary
  4245 | Ossuary  | Reached skill level 5 in Unarmed Combat
  4459 | D:5      | Reached XP level 8. HP: 38/54 MP: 8/8
  5730 | D:6      | Found a staircase to the Ecumenical Temple.
  5857 | D:6      | Reached skill level 5 in Shapeshifting
  6072 | D:6      | Reached skill level 5 in Dodging
  6109 | D:6      | Noticed a yak
  6110 | D:6      | Noticed a yak
  6110 | D:6      | Noticed a yak
  6111 | D:6      | Noticed a yak
  6203 | D:6      | Noticed a yak
  6215 | D:5      | Killed a yak
  6422 | D:6      | Noticed Eustachio
  6441 | D:6      | Killed Eustachio
  6442 | D:6      | Reached skill level 5 in Fighting
  6442 | D:6      | Reached XP level 9. HP: 48/61 MP: 9/9
  6445 | D:6      | Reached skill level 6 in Unarmed Combat
  6594 | D:6      | Reached skill level 5 in Stealth
  7635 | D:7      | Noticed Joseph
  7639 | D:7      | Killed Joseph
  7640 | D:7      | Reached skill level 7 in Unarmed Combat
  7640 | D:7      | Reached XP level 10. HP: 54/68 MP: 10/10
  7779 | D:7      | Found a shadowy altar of Dithmenos.
  7779 | D:7      | Found a shimmering altar of Xom.
  7858 | D:7      | Found a radiant altar of Vehumet.
  8571 | D:8      | Found a staircase to the Lair.
  8836 | D:8      | Paralysed by a hornet for 2 turns
  8839 | D:8      | HP: 2/69 [poisoned by a hornet]
  8845 | D:8      | HP: 1/69 [hornet (10)]
  8845 | D:8      | Paralysed by a hornet for 1 turns
  8845 | D:8      | Demolished by a hornet

Illustrated notes

Levels and vault maps discovered:
D:1:      dpeg_arrival_caged_fury, layout_basic
D:2:      layout_loops_ring, basic_altar
D:3:      layout_loops_ring, serial_shops, shop
D:4:      layout_rooms, hangedman_minor_gate_pass
D:5:      layout_layer_cave, nicolae_ossuary_entry_ruins
D:6:      layout_basic, minmay_temple_entry_glassed_door, uniq_eustachio
D:7:      mumra_celtic_spiral_tile, layout_basic, jmf_multi_god_temple,
          vehumet_statue, blue_anna_alchemist, uniq_joseph
D:8:      layout_basic, kennysheep_mini, lair_entry_dummy

Skill      XL: |  1  2  3  4  5  6  7  8  9 |
---------------+----------------------------+-----
Stealth        | 1 2 3 4 6 |  6.3
Fighting       | 2 3 5 6 |  6.5
Dodging        | 3 4 5 6 |  6.8
Unarmed Combat | 4 5 7 |  7.3
Shapeshifting  | 4 5 6 |  6.7
Evocations     | 1 3 4 |  4.3

Action                     |  1- 3 |  4- 6 |  7- 9 | 10-12 || total
---------------------------+-------+-------+-------+-------++-------
  Melee: Unarmed           |    56 |   114 |   241 |    44 ||   455
         Constrict         |    16 |    23 |    52 |    12 ||   103
         Tentacles         |     8 |    18 |    72 |     9 ||   107
         Punch             |     2 |     2 |    14 |     3 ||    21
  Evoke: Wand              |       |     3 |     2 |     6 ||    11
    Use: Scroll            |       |    10 |     5 |     1 ||    16
         Potion            |       |       |     1 |     5 ||     6
   Stab: Sleeping          |     3 |     8 |    14 |     4 ||    29
         Distracted        |       |       |     1 |       ||     1
 Armour: Skin              |    20 |    53 |    84 |    32 ||   189
  Dodge: Dodged            |    32 |    32 |    87 |    32 ||   183
  Block: Other             |       |       |    34 |    11 ||    45
         Reflection        |       |       |     3 |       ||     3

Table legend: (Time is in decaauts)
 A = Elapsed time spent in this place.
 B = Non-inter-level travel time spent in this place.
 C = Inter-level travel time spent in this place.
 D = Time resting spent in this place.
 E = Time spent auto-exploring this place.
 F = Levels seen in this place.
 G = Mean time per level.
                   A        B        C        D        E       F      G
               +--------+--------+--------+--------+--------+-----+--------+
         Total |   8788 |   8591 |    197 |   1339 |   5074 |   9 |  976.4 |
       Dungeon |   8399 |   8202 |    197 |   1197 |   5036 |   8 | 1049.9 |
       Ossuary |    388 |    388 |      0 |    142 |     38 |   1 |  388.0 |
               +--------+--------+--------+--------+--------+-----+--------+

Top non-repeatable levels by time:
     D:5: 2026 daAuts
     D:7: 1316 daAuts
     D:1: 1128 daAuts
     D:2: 1042 daAuts
     D:6: 920 daAuts
     D:4: 730 daAuts
     D:3: 624 daAuts
     D:8: 610 daAuts
 Ossuary: 388 daAuts
